 Dungeon Crawl Stone Soup version 0.24.0-2-g5b39cebb1c (webtiles) character file.

Game seed: 10168881737825571824, levelgen mode: deterministic

3028 Nivan the Destroyer (level 9, 0/70 HPs)
             Began as a Pale Draconian Conjurer on Oct 30, 2019.
             Was a Follower of Vehumet.
             Shot with a sling bullet by Joseph (10 damage)
             ... on level 8 of the Dungeon on Oct 31, 2019.
             The game lasted 00:36:01 (11351 turns).

Nivan the Destroyer (Pale Draconian Conjurer)      Turns: 11351, Time: 00:36:01

Health: 0/70       AC: 14    Str: 12    XL:     9   Next: 55%
Magic:  16/19      EV: 14    Int: 18    God:    Vehumet [*.....]
Gold:   373        SH:  0    Dex: 11    Spells: 18/21 levels left

rFire    . . .     SeeInvis .   I - +1 flail (protect)
rCold    . . .     Gourm    .   (no shield)
rNeg     . . .     Faith    .   (armour unavailable)
rPois    .         Spirit   .   (helmet restricted)
rElec    .         Reflect  .   G - +0 cloak
rCorr    .         Harm     .   (no gloves)
MR       .....                  (no boots)
Stlth    ++........             (no amulet)
HPRegen  0.21/turn              y - ring of wizardry
MPRegen  0.16/turn              t - +6 ring of protection

@: no status effects
A: breathe steam, unfitting armour, cold-blooded, AC +7
a: Breathe Steam, Renounce Religion


You were on level 8 of the Dungeon.
You worshipped Vehumet.
Vehumet was aware of your devotion.
You were not hungry.

You visited 2 branches of the dungeon, and saw 9 of its levels.
You also visited: Ossuary.

You collected 373 gold pieces.

Inventory:

Hand Weapons
 e - a +0 club
 g - a +0 mace
 m - a +0 flail
 I - a +1 flail of protection (weapon)
Armour
 G - a +0 cloak (worn)
Jewellery
 l - an uncursed ring of resist corrosion
 t - a +6 ring of protection (right hand)
 y - a ring of wizardry (left hand)
 C - an uncursed ring of positive energy
Wands
 u - a wand of random effects (9)
 w - a wand of digging (5)
Scrolls
 a - a scroll of enchant armour {unknown}
 h - 3 scrolls of fog {unknown}
 i - a scroll of fear {unknown}
 j - 7 scrolls of identify {unknown}
 n - 4 scrolls of remove curse {unknown}
 s - 3 scrolls of immolation {unknown}
 v - a scroll of random uselessness {unknown}
 x - 3 scrolls of amnesia {unknown}
 E - a scroll of teleportation {unknown}
 F - 2 scrolls of noise {unknown}
Potions
 c - a potion of ambrosia {unknown}
 f - 3 potions of heal wounds
 k - 2 potions of invisibility
 o - 3 potions of flight {unknown}
 p - 3 potions of brilliance {unknown}
 q - 4 potions of agility {unknown}
 r - 2 potions of degeneration {unknown}
 z - a potion of berserk rage {unknown}
 A - 2 potions of might {unknown}
 B - 3 potions of mutation {unknown}
 D - a potion of cancellation {unknown}
 H - a potion of curing
Comestibles
 b - 12 rations
 d - 6 chunks of flesh


   Skills:
 + Level 3.5 Fighting
 + Level 4.5 Maces & Flails
 + Level 4.8 Dodging
 + Level 3.4 Stealth
 + Level 6.9 Spellcasting
 + Level 8.6 Conjurations


You had 18 spell levels left.
You knew the following spells:

 Your Spells              Type           Power        Failure   Level  Hunger
a - Magic Dart            Conj           ####         1%          1    None
b - Searing Ray           Conj           #####.       1%          2    None

Your spell library contained the following spells:

 Spells                   Type           Power        Failure   Level  Hunger
 Flame Tongue             Conj/Fire      ###..        1%          1    None
 Iskenderun's Mystic Bla  Conj           #####...     1%          4    ####...
 Dazzling Spray           Conj/Hex       ###...       2%          3    ##.....
 Force Lance              Conj/Tloc      ###.....     8%          4    ####...
 Fulminant Prism          Conj/Hex       ###.......   8%          4    ####...


Dungeon Overview and Level Annotations

Branches:
Dungeon (8/15)             Temple (1/1) D:6            Lair (0/6) D:8
Ossuary (visited)

Altars:
Ashenzari
Cheibriados
Dithmenos
Elyvilon
Fedhas
Gozag
Kikubaaqudgha
Makhleb
Nemelex Xobeh
Okawaru
Qazlal
Ru
Sif Muna
Trog
Uskayaw
Vehumet
Wu Jian
Xom
Yredelemnul
Zin
The Shining One

Annotations:
D:8 Joseph


Innate Abilities, Weirdness & Mutations

You can breathe blasts of scalding, opaque steam.
Your pale cyan-grey scales are hard. (AC +7)
You cannot fit into any form of body armour.
You are cold-blooded and may be slowed by cold attacks.


Message History

* * * LOW HITPOINT WARNING * * *
The adder bites you but does no damage.
The porcupine bites you but does no damage. x2
The adder misses you.
The porcupine bites you but does no damage.
The adder bites you but does no damage.
You see here a crocodile corpse.
The adder bites you but does no damage.
Joseph, a Mercenary comes into view.
He is wielding a +0 quarterstaff.
Joseph shouts!
The porcupine closely misses you. The porcupine misses you.
Joseph unwields a +0 quarterstaff.
Joseph wields a +6 hunting sling.
Joseph shoots a sling bullet.
The sling bullet hits you!
* * * LOW HITPOINT WARNING * * *
You see here 3 gold pieces.
Joseph shoots a sling bullet.
The sling bullet misses you.
The sling bullet hits the porcupine!!
The porcupine dies!
Joseph shoots a sling bullet.
The sling bullet hits you!
You die...

.# .### #. ###.... .. ...####
##.## .# ......# #...# .#
##.##.# #..$# ##.####
##.##.#### #.@.# #.....##
##.......# #...#######.....P##
###...##.####..>@r...#P...P..P.
###...##..........S.....♣.P.)..
...................(..†.$......
......##................♣......
##.....#.####...###.....P..PP..
##.......# #......♣..♣.....P..
#......### #...##...P.P..>.P♣.
#......### #...##.P..P.P.P..P.
.......Y.# #...##..P.....P)P.♣


You could see Joseph, a porcupine and an adder.

Vanquished Creatures
  Sigmund (D:5)
  2 yaks (D:8)
  Edmund (Temple)
  A porcupine (D:8)
  Duvessa (D:6)
  An ogre (D:6)
  2 ice beasts
  2 orc warriors
  A centaur (D:7)
  A crocodile (D:8)
  3 elf zombies (Ossuary)
  Blork the orc (D:6)
  A scorpion (D:7)
  A wyvern skeleton (D:8)
  Dowan (D:6)
  A centaur zombie (D:7)
  A bullfrog skeleton (D:8)
  A bullfrog zombie (D:5)
  4 human zombies (Ossuary)
  A hound (D:3)
  9 orc priests
  3 orc wizards
  A centaur skeleton (D:7)
  Jessica (D:2)
  Ijyb (D:3)
  An iguana (D:7)
  5 worker ants
  2 hound skeletons
  2 mummies (Ossuary)
  2 worker ant zombies
  4 gnolls
  A howler monkey skeleton (D:4)
  14 adders
  2 shadow imps
  3 oozes
  2 adder skeletons
  An adder zombie (D:5)
  3 worms (D:3)
  2 dart slugs
  4 leopard geckos
  20 orcs
  3 ball pythons
  5 bats (D:1)
  5 giant cockroaches
  15 goblins
  5 hobgoblins
  7 jackals
  7 kobolds
  A quokka (D:2)
  4 frilled lizards
  8 hobgoblin zombies (Ossuary)
  A jackal zombie (Ossuary)
  8 kobold zombies (Ossuary)
  12 orc zombies (Ossuary)
  A quokka skeleton (D:6)
  7 rats
200 creatures vanquished.

Vanquished Creatures (others)
  A porcupine (D:8)
  2 fungi (D:8)
  A plant (D:8)
4 creatures vanquished.

Grand Total: 204 creatures vanquished

Notes
Turn   | Place    | Note
-------+----------+-------------------------------------------
     0 | D:1      | Nivan the Draconian Conjurer began the quest for the Orb.
     0 | D:1      | Reached XP level 1. HP: 14/14 MP: 3/3
    94 | D:1      | Reached XP level 2. HP: 16/20 MP: 3/5
   505 | D:1      | Found a snail-covered altar of Cheibriados.
   652 | D:1      | Reached XP level 3. HP: 25/26 MP: 1/6
  1440 | D:2      | Found a faded altar of an unknown god.
  1498 | D:2      | Found a shimmering altar of Xom.
  1526 | D:2      | Found a stormy altar of Qazlal.
  1668 | D:2      | Noticed Jessica
  1672 | D:2      | Killed Jessica
  1672 | D:2      | Reached XP level 4. HP: 26/33 MP: 0/8
  1991 | D:3      | Reached skill level 5 in Conjurations
  2171 | D:3      | Reached skill level 1 in Maces & Flails
  2378 | D:3      | Reached XP level 5. HP: 38/38 MP: 1/9
  2887 | D:3      | Noticed Ijyb
  2939 | D:3      | HP: 1/38 [Ijyb/+0 dagger (4)]
  2972 | D:3      | HP: 1/38 [Ijyb/+0 dagger (4)]
  3015 | D:3      | Killed Ijyb
  4364 | D:4      | Reached XP level 6. HP: 42/46 MP: 4/11
  4893 | D:4      | Reached skill level 1 in Fighting
  5309 | D:3      | Reached skill level 6 in Conjurations
  5645 | D:4      | Your scales start taking on a pale cyan-grey colour.
  5645 | D:4      | Reached XP level 7. HP: 52/52 MP: 8/13
  5794 | D:5      | Entered Level 5 of the Dungeon
  5929 | D:5      | Noticed Sigmund
  5934 | D:5      | Learned a level 2 spell: Searing Ray
  5944 | D:5      | Killed Sigmund
  6273 | D:5      | Found a sand-covered staircase.
  6278 | Ossuary  | Entered an ossuary
  6707 | Ossuary  | Reached skill level 5 in Spellcasting
  6734 | Ossuary  | Reached skill level 7 in Conjurations
  6734 | Ossuary  | Reached XP level 8. HP: 27/59 MP: 0/15
  7651 | D:6      | Noticed Blork the orc
  7657 | D:6      | Killed Blork the orc
  7730 | D:6      | Noticed Dowan
  7733 | D:6      | Noticed Duvessa
  7736 | D:6      | Killed Dowan
  8078 | D:7      | HP: 3/62 [poisoned by Duvessa]
  8448 | D:7      | Found a white marble altar of Elyvilon.
  8545 | D:7      | Found a shadowy altar of Dithmenos.
  8564 | D:7      | Found a stormy altar of Qazlal.
  8582 | D:7      | Found a blossoming altar of Fedhas.
  9323 | D:6      | Killed Duvessa
  9563 | D:6      | Found a staircase to the Ecumenical Temple.
  9574 | Temple   | Entered the Ecumenical Temple
  9672 | Temple   | Became a worshipper of Vehumet
  9693 | D:6      | Noticed Edmund
  9760 | Temple   | Killed Edmund
  9760 | Temple   | Reached XP level 9. HP: 60/69 MP: 5/18
  9866 | D:6      | Reached skill level 8 in Conjurations
 11007 | D:8      | Reached * piety under Vehumet
 11007 | D:8      | Offered knowledge of Flame Tongue by Vehumet.
 11309 | D:8      | Found a staircase to the Lair.
 11347 | D:8      | Noticed Joseph
 11351 | D:8      | Shot with a sling bullet by Joseph

Levels and vault maps discovered:
D:1:      wander_arrival_desolate, layout_basic, cheibriados_altar_1
D:2:      layout_rooms, lemuel_crystal_altar,
          chequers_ecumenical_altar_simple_redux, grunt_qazlal_sundering,
          uniq_jessica
D:3:      kennysheep_goblin_castle, layout_basic
D:4:      layout_rooms, first_ration
D:5:      layout_loops_cross, enter_ossuary_5, kennysheep_nub, uniq_sigmund
D:6:      layout_cave_pools, minmay_temple_entry_slanted, uniq_edmund,
          uniq_blork_the_orc, uniq_duvessa
D:7:      layout_loops_corners, nicolae_overflow_quartered_altars
D:8:      layout_loops_cross, minmay_lair_entry_grove, uniq_joseph
Temple:   kb_temple_of_zot

Skill      XL: |  1  2  3  4  5  6  7  8  9 |
---------------+----------------------------+-----
Dodging        | 2 3 4 |  4.8
Stealth        | 2 3 |  3.4
Conjurations   | 5 6 7 8 |  8.6
Maces & Flails | 1 2 3 4 |  4.5
Spellcasting   | 3 4 5 6 |  6.9
Fighting       | 1 3 |  3.5

Action                   |  1- 3 |  4- 6 |  7- 9 || total
-------------------------+-------+-------+-------++-------
Melee: Unarmed           |    15 |       |       ||    15
       Tailslap          |     3 |     9 |     8 ||    20
       Club              |    13 |       |       ||    13
       Mace              |     4 |    68 |    72 ||   144
       Flail             |       |    22 |    54 ||    76
 Cast: Magic Dart        |    71 |   226 |   262 ||   559
       Searing Ray       |       |       |    39 ||    39
 Abil: Breathe Steam     |       |       |     2 ||     2
  Use: Potion            |       |       |     6 ||     6
  Eat: Chunk             |     3 |    12 |    12 ||    27
       Ration            |       |       |     2 ||     2
Armor: Skin              |    27 |    47 |   101 ||   175
Dodge: Dodged            |    49 |   108 |   164 ||   321
